 Dungeon Crawl Stone Soup version 0.24-a0-584-g9d6b971ae4 (webtiles) character file.

Game seed: 10413561468358646249, levelgen mode: deterministic

476 Zhud the Grave Robber (level 6, -9/35 HPs)
             Began as a Vampire Necromancer on Aug 31, 2019.
             Was a Follower of Uskayaw.
             Mangled by an ogre
             ... wielding a +0 giant club
              (22 damage)
             ... on level 5 of the Dungeon.
             The game lasted 01:02:34 (5629 turns).

Zhud the Grave Robber (Vampire Necromancer)         Turns: 5629, Time: 01:02:34

Health: -9/35      AC:  2    Str:  7    XL:     6   Next: 85%
Magic:  1/10       EV: 13    Int: 20    God:    Uskayaw [*.....]
Gold:   130        SH:  7    Dex: 14    Spells: 6/11 levels left

rFire    . . .     SeeInvis +   a - +2 dagger (speed)
rCold    + + .     Gourm    .   o - +2 buckler
rNeg     + + +     Faith    .   d - +0 robe
rPois    ∞         Spirit   .   (no helmet)
rElec    .         Reflect  .   (no cloak)
rCorr    .         Harm     .   (no gloves)
MR       .....                  (no boots)
Stlth    +++++.....             (no amulet)
HPRegen  0.00/turn              (no ring)
MPRegen  0.12/turn              (no ring)

@: bloodless, regenerating quickly
A: no food, fangs 3, see invisible, unbreathing
a: Bat Form, Revivify, Stomp, Renounce Religion


You were on level 5 of the Dungeon.
You worshipped Uskayaw.
Uskayaw was noncommittal.
You were bloodless.

You visited 2 branches of the dungeon, and saw 6 of its levels.

You collected 130 gold pieces.

Inventory:

Hand Weapons
 a - a +2 dagger of speed (weapon)
 b - a -3 hunting sling
 r - a +0 dagger
 u - a +0 falchion
 v - a +0 mace
 w - a +0 spear
 x - a +0 hand axe
 E - a +0 spear of freezing
 I - a +0 flail of venom
Missiles
 c - 5 curare-tipped darts
 e - 52 stones (quivered)
 h - 36 sling bullets
 k - 8 poisoned darts
 q - a throwing net
 s - 14 bolts
 A - 42 arrows
Armour
 d - a +0 robe (worn)
 o - a +2 buckler (worn)
Jewellery
 H - an uncursed ring of teleportation
Scrolls
 f - 2 scrolls of identify {unknown}
 j - 2 scrolls of remove curse
 l - 2 scrolls of teleportation
 n - a scroll of enchant armour {unknown}
 y - 2 scrolls of magic mapping {unknown}
 F - a scroll of blinking {unknown}
 G - a scroll of random uselessness {unknown}
Potions
 g - a potion of magic {unknown}
 i - a potion of mutation {unknown}
 m - a potion of heal wounds {unknown}
 p - a potion of degeneration {unknown}
 t - a potion of cancellation {unknown}
 z - 3 potions of curing {unknown}
 B - 2 potions of haste {unknown}
 C - a potion of ambrosia {unknown}
 D - a potion of might {unknown}
 J - a potion of brilliance {unknown}


   Skills:
 - Level 2.0 Fighting
 - Level 3.0 Short Blades
 - Level 2.5 Dodging
 - Level 5.0 Stealth
 - Level 3.0 Shields
 - Level 3.0 Spellcasting
 - Level 5.0 Necromancy
 + Level 1.0 Invocations


You had 6 spell levels left.
You knew the following spells:

 Your Spells              Type           Power        Failure   Level  Hunger
a - Pain                  Necr           ###.         1%          1    N/A
b - Animate Skeleton      Necr           N/A          1%          1    N/A
c - Vampiric Draining     Necr           ###.......   6%          3    N/A

Your spell library contained the following spells:

 Spells                   Type           Power        Failure   Level  Hunger
 Beastly Appendage        Tmut           #.....       16%         1    N/A
 Magic Dart               Conj           #...         16%         1    N/A
 Regeneration             Chrm/Necr      ##........   17%         3    N/A
 Animate Dead             Necr           N/A          19%         4    N/A
 Blink                    Tloc           N/A          24%         2    N/A
 Call Imp                 Summ           #.......     24%         2    N/A
 Slow                     Hex            #.......     24%         2    N/A
 Sticks to Snakes         Tmut           #.......     24%         2    N/A
 Conjure Flame            Conj/Fire      #.......     43%         3    N/A
 Mephitic Cloud           Conj/Pois/Air  #.......     43%         3    N/A
 Spider Form              Tmut/Pois      #.........   43%         3    N/A
 Ice Form                 Ice/Tmut       #.......     83%         4    N/A
 Blade Hands              Tmut           #.........   99%         5    N/A

Dungeon Overview and Level Annotations

Branches:
Dungeon (5/15)             Temple (1/1) D:4

Altars:
Dithmenos
Elyvilon
Fedhas
Gozag
Hepliaklqana
Kikubaaqudgha
Makhleb
Nemelex Xobeh
Okawaru
Qazlal
Ru
Sif Muna
Trog
Uskayaw
Vehumet
Wu Jian
Xom
Yredelemnul
Zin
The Shining One

Annotations:
D:3 exclusion: hound
D:5 exclusions: frilled lizard and ice beast


Innate Abilities, Weirdness & Mutations

You do not eat.
You do not regenerate when monsters are visible.
You are frail without blood (-20% HP).
You are immune to poison.
You have razor-sharp teeth.
You have supernaturally acute eyesight. (SInv)
You can survive without breathing.


Message History

Aiming: Pain (safe; 1% risk of failure)
Press: ? - help, Shift-Dir - straight line, f/p - ogre
Aim: an ogre, wielding a +0 giant club (severely wounded, chance to defeat MR: 83%)
The ogre writhes in agony.
You hit the ogre.
The ogre is almost dead.
The ogre hits you with a +0 giant club!!
Ouch! That really hurt!
You can now pass through a line of other dancers.
Casting: Pain (safe; 1% risk of failure)
Confirm with . or Enter, or press ? or * to list all spells.
Okay, then.
Aiming: Line Pass
Press: ? - help, Dir - move target cursor, p - ogre The ogre appears confused.
You can no longer pass through a line of other dancers.
You are too injured to fight recklessly!
The ogre hits you with a +0 giant club!!
Ouch! That really hurt!
You die...

...# ..O# ### #### ...#
#.. #.. ..# ####.## ##.#
##..#.......#
..<###.......##..#
...#.............####.##
.....#..##.#####........
...###..... #@####.##
.........#.# #.O.#
######.#.# # #.#.# #
#.... #.#.## #### ###.#.
..#..# ...# ...# #####.#
##.# #.# ##.# #%# ##.#
####.####


You could see an ogre (confused).

Vanquished Creatures
  A bullfrog (D:4)
  2 crimson imps
  An iguana (D:5)
  2 orc wizards (D:4)
  A worker ant (D:4)
  A hound skeleton (D:4)
  14 adders
  An adder skeleton (D:4)
  6 worms
  A dart slug (D:4)
  3 leopard geckos (D:1)
  2 orcs (D:4)
  8 ball pythons
  2 bats
  3 giant cockroaches
  4 goblins
  4 hobgoblins (D:1)
  11 jackals
  A quokka (D:2)
  8 frilled lizards
  6 kobolds
  5 rats
87 creatures vanquished.

Vanquished Creatures (collateral kills)
  A worm (D:2)
  A dart slug (D:2)
  A kobold (D:2)
  2 bats
  A rat (D:2)
6 creatures vanquished.

Vanquished Creatures (others)
  An adder (D:4)
1 creature vanquished.

Grand Total: 94 creatures vanquished

Notes
Turn   | Place    | Note
-------+----------+-------------------------------------------
     0 | D:1      | Zhud the Vampire Necromancer began the quest for the Orb.
     0 | D:1      | Reached XP level 1. HP: 13/13 MP: 3/3
     2 | D:1      | Learned a level 1 spell: Animate Skeleton
   231 | D:1      | Reached XP level 2. HP: 18/19 MP: 1/5
   587 | D:1      | Reached skill level 1 in Fighting
  1028 | D:2      | Reached XP level 3. HP: 20/20 MP: 4/6
  1033 | D:2      | Learned a level 3 spell: Vampiric Draining
  1562 | D:2      | Reached skill level 5 in Necromancy
  1591 | D:2      | Reached XP level 4. HP: 25/25 MP: 3/7
  2410 | D:2      | Found an iron altar of Okawaru.
  2634 | D:3      | Found a blossoming altar of Fedhas.
  3171 | D:3      | Found a blossoming altar of Fedhas.
  3733 | D:4      | Reached skill level 1 in Shields
  3799 | D:4      | Reached skill level 1 in Short Blades
  3799 | D:4      | Reached XP level 5. HP: 29/29 MP: 5/9
  4255 | D:4      | Reached XP level 6. HP: 34/34 MP: 8/10
  4324 | D:4      | Reached skill level 5 in Stealth
  4842 | D:4      | Found a staircase to the Ecumenical Temple.
  4851 | Temple   | Entered the Ecumenical Temple
  5094 | Temple   | Became a worshipper of Uskayaw the Reveler
  5204 | D:4      | Reached * piety under Uskayaw
  5212 | D:4      | Reached ** piety under Uskayaw
  5460 | D:5      | Entered Level 5 of the Dungeon
  5474 | D:5      | Noticed an ice beast
  5546 | D:5      | Reached skill level 1 in Invocations
  5629 | D:5      | Mangled by an ogre

Levels and vault maps discovered:
D:1:      lightli_molten_gateway, layout_basic, serial_park_tiny_1
D:2:      layout_basic, okawaru_ov_weapons_minmay, first_ration
D:3:      layout_basic, lemuel_crystal_altar, serial_rivers,
          chequers_serial_rivers_room_b, chequers_serial_rivers_room_b,
          chequers_serial_rivers_small_a, chequers_serial_rivers_small_3,
          chequers_serial_rivers_room_b, fedhas_altar_3
D:4:      layout_loops_cross, lemuel_temple_firewalk_b, roderic_serpentine_path,
          minmay_snake_closets
D:5:      layout_loops_cross, saegor_snake_ambush
Temple:   dpeg_five_rooms_temple

Skill      XL: |  1  2  3  4  5  6 |
---------------+-------------------+-----
Stealth        | 4 5 |  5.0
Fighting       | 1 2 |  2.0
Necromancy     | 5 |  5.0
Spellcasting   | 3 |  3.0
Shields        | 1 3 |  3.0
Short Blades   | 1 3 |  3.0
Invocations    | 1 |  1.0
Dodging        | |  2.5

Action                   |  1- 3 |  4- 6 || total
-------------------------+-------+-------++-------
Melee: Dagger            |    18 |    85 ||   103
       Bite              |     1 |     3 ||     4
 Fire: Hunting sling     |    51 |    50 ||   101
Throw: Dart              |     1 |       ||     1
       Stone             |     1 |       ||     1
 Cast: Pain              |    69 |    72 ||   141
       Animate Skeleton  |    14 |    17 ||    31
       Vampiric Draining |     1 |     5 ||     6
Invok: Line Pass         |       |     4 ||     4
 Abil: Exsanguinate      |     1 |       ||     1
  Use: Scroll            |       |     3 ||     3
 Stab: Sleeping          |       |    16 ||    16
       Distracted        |       |     1 ||     1
Armor: Robe              |    15 |     3 ||    18
Dodge: Dodged            |    46 |    32 ||    78
Block: Buckler           |       |    15 ||    15

Table legend:
 A = Non-vault XP
 B = Vault XP
 C = Vault XP percentage of total XP
 D = Non-vault monster count
 E = Vault monster count
 F = Vault count percentage of total count
                 A         B        C        D         E       F
            +---------+---------+-------+---------+---------+-------
      Total |     583 |      98 |  14.4 |      80 |      13 |  14.0
            +---------+---------+-------+---------+---------+-------
        D:1 |      39 |       0 |   0.0 |      20 |       0 |   0.0
        D:2 |      99 |       0 |   0.0 |      34 |       0 |   0.0
        D:3 |      30 |       0 |   0.0 |       5 |       0 |   0.0
        D:4 |     328 |      98 |  23.0 |      18 |      13 |  41.9
        D:5 |      87 |       0 |   0.0 |       3 |       0 |   0.0
            +---------+---------+-------+---------+---------+-------
